 Dungeon Crawl Stone Soup version 0.28.0-53-g5a82cb258f (webtiles) character file.

Game seed: 16551469648384818027

128 H0rd4k the Charlatan (level 5, 0/38 HPs)
             Began as a Human Artificer on July 8, 2022.
             Slain by a black bear (5 damage)
             ... on level 4 of the Dungeon.
             The game lasted 00:04:29 (4734 turns).

H0rd4k the Charlatan (Human Artificer)              Turns: 4734, Time: 00:04:29

Health: 0/38       AC:  3    Str: 12    XL:     5   Next: 34%
Magic:  5/5        EV: 12    Int: 13    God:
Gold:   81         SH:  0    Dex: 14    Spells: 4/4 levels left

rFire   . . .      SeeInvis .   a - +0 club
rCold   . . .      Faith    .   (no shield)
rNeg    . . .      Spirit   .   b - +0 leather armour
rPois   .          Reflect  .   (no helmet)
rElec   .          Harm     .   (no cloak)
rCorr   .          Rampage  .   (no gloves)
Will    .....                   (no boots)
Stlth   +.........              (no amulet)
HPRegen 0.12/turn               l - ring of flight
MPRegen 0.09/turn               (no ring)

@: flying
A: no striking features
a: no special abilities


You were on level 4 of the Dungeon.
You visited 1 branch of the dungeon, and saw 4 of its levels.
You also visited: Sewer.

You collected 81 gold pieces.

Inventory:

Hand Weapons
 a - a +0 club (weapon)
Armour
 b - a +0 leather armour (worn)
Jewellery
 l - a ring of flight (left hand)
 v - a ring of fire
Wands
 d - a wand of charming (14)
Scrolls
 c - a scroll of magic mapping {unknown}
 f - a scroll of fog {unknown}
 g - a scroll of blinking {unknown}
 h - a scroll of amnesia {unknown}
 i - 6 scrolls of identify {unknown}
 j - 4 scrolls of teleportation {unknown}
 k - 2 scrolls of enchant weapon {unknown}
 q - a scroll of enchant armour {unknown}
 s - a scroll of summoning {unknown}
 u - a scroll of vulnerability {unknown}
 y - a scroll of brand weapon {unknown}
Potions
 m - a potion of ambrosia {unknown}
 n - a potion of might {unknown}
 o - a potion of heal wounds {unknown}
 p - a potion of mutation {unknown}
 r - 2 potions of lignification {unknown}
 t - a potion of brilliance {unknown}
 w - a potion of flight {unknown}
 x - 2 potions of curing {unknown}
Miscellaneous
 e - a piece from Xom's chessboard (15/15)


   Skills:
 + Level 2.0 Fighting
 + Level 2.2 Maces & Flails
 - Level 2.0 Armour
 + Level 2.4 Dodging
 - Level 1.0 Stealth
 + Level 4.0 Evocations


You had 4 spell levels left.
You didn't know any spells.
Your spell library contained the following spells:

 Spells                   Type           Power      Damage    Failure   Level
 Blink                    Tloc           0%         N/A       52%         2
 Corpse Rot               Necr/Air       0%         N/A       52%         2
 Poisonous Vapours        Pois/Air       0%         N/A       52%         2
 Lesser Beckoning         Tloc           0%         N/A       75%         3
 Manifold Assault         Tloc           0%         N/A       100%        5


Dungeon Overview and Level Annotations

Branches:
Dungeon (4/15)              Sewer (visited)
 Temple: D:4-7

Altars:

Annotations:
D:2 Sigmund
D:4 Grinder


Message History

You can move again.
Aiming: Charm
Press: ? - help, Shift-Dir - straight line, f - Grinder
Aim: Grinder (chance to affect: 59%) Grinder is charmed.
What are your orders? t - Shout!
Orders for allies: a - Attack new target. p - Attack previous target. r - Retreat! s - Stop attacking. g - Guard the area. f - Follow me.
Anything else - Cancel.
Guard this area!
You swap places.
A black bear comes into view.
The black bear growls angrily.
There is an open door here.
The black bear bites you! The black bear closely misses you.
The black bear barely misses you.
There is an open door here.
Grinder closely misses the black bear.
Grinder barely misses the black bear.
You swap places.
The black bear misses you. x2
The black bear claws you but does no damage.
Grinder hits the black bear.
The black bear writhes in agony.
You hit the black bear. Your punch misses the black bear.
The black bear is heavily wounded.
The black bear bites you.
The black bear claws you but does no damage.
The black bear claws you.
Grinder misses the black bear.
You closely miss the black bear.
The black bear is heavily wounded.
The black bear barely misses you. The black bear claws you. x2
Grinder hits the black bear!
The black bear writhes in agony.
The black bear bites you!
* * * LOW HITPOINT WARNING * * *
The black bear claws you.
* * * LOW HITPOINT WARNING * * *
The black bear closely misses you.
Grinder hits the black bear.
The black bear bites you.
You die...

#...................#
#...................#
#...................#
.....#...................#
.....####...##...........#
#......#...#####+##.#####
#......#.5.##....#...####
#......#.h..#......8.....
#......#@...#....#...####
#......#....+....##.##
#......'...##... #.#
#.>....#...#### #.#
#.....†##### #.# ##.......
##.## #......... ##...####
#..........# #..8.....
#..........# ##...####


You could see a black bear (ally target) and the friendly Grinder (charmed).

Vanquished Creatures
  An iguana (D:3)
  A river rat (Sewer)
  4 adders
  A dart slug (D:3)
  An orc (D:3)
  8 ball pythons
  3 endoplasms
  5 giant cockroaches (D:3)
  5 goblins
  6 hobgoblins
  2 quokkas
  A bat (D:3)
  7 frilled lizards
  4 kobolds
  7 rats
56 creatures vanquished.

Notes
Turn   | Place    | Note
-------+----------+-------------------------------------------
     0 | D:1      | H0rd4k the Human Artificer began the quest for the Orb.
     0 | D:1      | Reached XP level 1. HP: 15/15 MP: 1/1
   500 | D:1      | Reached XP level 2. HP: 10/21 MP: 2/2
  1432 | D:2      | Found a faded altar of an unknown god.
  1453 | D:2      | Reached XP level 3. HP: 5/26 MP: 3/3
  1457 | D:2      | HP: 1/26 [poisoned by an adder]
  2116 | D:2      | Noticed Sigmund
  2182 | D:3      | Reached skill level 1 in Maces & Flails
  2315 | D:3      | Found a glowing drain.
  2360 | Sewer    | Entered a sewer
  2445 | Sewer    | Reached XP level 4. HP: 32/32 MP: 4/4
  3162 | D:3      | Reached skill level 4 in Evocations
  3162 | D:3      | Reached XP level 5. HP: 38/38 MP: 5/5
  4650 | D:4      | Noticed Grinder
  4708 | D:4      | Paralysed by Grinder for 5 turns
  4721 | D:4      | Noticed a black bear
  4734 | D:4      | Slain by a black bear

Illustrated notes

Levels and vault maps discovered:
D:1:      minmay_arrival_diagonal_passages, layout_basic
D:2:      layout_loops_cross, ebering_ecumenical_altar_ruins, uniq_sigmund
D:3:      layout_loops_corners, portal_sewer_entry_f, minmay_fractal_squares_5
D:4:      layout_gridville, temple_green, gammafunk_ghost_nasty_kobolds,
          minmay_misc_feat_tower, uniq_grinder

Skill      XL: |  1  2  3  4  5 |
---------------+----------------+-----
Maces & Flails | 1 2 |  2.2
Dodging        | 2 |  2.4
Evocations     | 4 |  4.0
Fighting       | 2 |  2.0
Armour         | |  2.0
Stealth        | |  1.0

Action                   |  1- 3 |  4- 6 || total
-------------------------+-------+-------++-------
Melee: Club              |   104 |   130 ||   234
       Punch             |     1 |     2 ||     3
Evoke: Wand              |     6 |    10 ||    16
 Stab: Sleeping          |       |     3 ||     3
Armor: Leather armour    |    19 |    39 ||    58
Dodge: Dodged            |    65 |   109 ||   174
